 Dungeon Crawl Stone Soup version 0.30-a0-335-ge5acde7520 (webtiles) character file.

Game seed: 15017103716177642111

940 gruber the Destroyer (level 7, 0/36 HPs)
             Began as a Deep Elf Conjurer on Oct 30, 2022.
             Slain by Dowan
             ... wielding a +2 dagger of venom
              (7 damage)
             ... on level 4 of the Dungeon.
             The game lasted 00:04:38 (4352 turns).

gruber the Destroyer (Deep Elf Conjurer)            Turns: 4352, Time: 00:04:39

Health: 0/36       AC:  4    Str:  4    XL:     7   Next: 88%
Magic:  16/19      EV: 12    Int: 25    God:
Gold:   186        SH:  0    Dex: 13    Spells: 10/20 levels left

rFire   . . .      SeeInvis +    m - +2 dagger (speed)
rCold   . . .      Faith    .    (no shield)
rNeg    . . .      Spirit   .    a - +0 robe
rPois   .          Reflect  .    k - +0 helmet
rElec   .          Harm     .    (no cloak)
rCorr   .          Rampage  .    t - +0 pair of gloves
Will    .....                    (no boots)
Stlth   ++........               (no amulet)
HPRegen 0.26/turn                e - ring of see invisible
MPRegen 0.16/turn                g - ring of wizardry

@: lethally poisoned (0 -> -7)
A: no striking features
a: no special abilities


You were on level 4 of the Dungeon.
You visited 1 branch of the dungeon, and saw 4 of its levels.

You collected 186 gold pieces.

Inventory:

Hand Weapons
 m - a +2 dagger of speed (weapon)
Armour
 a - a +0 robe (worn)
 k - a +0 helmet (worn)
 t - a +0 pair of gloves (worn)
Jewellery
 e - a ring of see invisible (left hand)
 g - a ring of wizardry (right hand)
Wands
 s - a wand of digging (4)
Scrolls
 c - 2 scrolls of vulnerability {unknown}
 f - a scroll of amnesia {unknown}
 i - a scroll of torment {unknown}
 o - 5 scrolls of identify {unknown}
 q - a scroll of teleportation {unknown}
Potions
 b - a potion of flight {unknown}
 d - 2 potions of heal wounds {unknown}
 h - a potion of brilliance {unknown}
 j - a potion of curing {unknown}
 l - a potion of might {unknown}
 n - a potion of magic
 p - a potion of invisibility {unknown}
 r - a potion of haste {unknown}


   Skills:
 - Level 2.4 Dodging
 - Level 2.4 Stealth
 + Level 7.0 Spellcasting
 * Level 9.4 Conjurations


You had 10 spell levels left.
You knew the following spells:

 Your Spells              Type           Power      Damage    Failure   Level
a - Magic Dart            Conj           100%       1d8       1%          1
b - Searing Ray           Conj           100%       2d8       1%          2
c - Dazzling Flash        Conj/Hex       64%        N/A       1%          3
d - Iskenderun's Mystic   Conj/Tloc      32%        2d8       4%          4

Your spell library contained the following spells:

 Spells                   Type           Power      Damage    Failure   Level
 Necrotise                Necr           32%        1d5       2%          1
 Fulminant Prism          Conj/Hex       16%        3d10      4%          4
 Call Canine Familiar     Summ           8%         N/A       9%          3
 Portal Projectile        Hex/Tloc       16%        N/A       9%          3
 Vampiric Draining        Necr           8%         2d6       9%          3
 Irradiate                Conj/Tmut      16%        3d17      11%         5
 Leda's Liquefaction      Hex/Erth       4%         N/A       26%         4
 Agony                    Necr           8%         N/A       56%         5
 Blade Hands              Tmut           4%         N/A       56%         5
 Dragon Form              Tmut           4%         N/A       100%        7


Dungeon Overview and Level Annotations

Branches:
Dungeon (4/15)
 Temple: D:4-7

Altars:
Elyvilon
Xom
Yredelemnul

Shops:
D:3 [

Annotations:
D:4 1 runed translucent door, Dowan


Message History

You kill Duvessa!
You hear a distant wail of despair.
Your Spellcasting skill increases to level 7!
You finish channelling your searing ray.
Casting: Searing Ray (safe; 1% risk of failure)
Confirm with . or Enter, or press ? or * to list all spells.
Aiming: Searing Ray (safe; 1% risk of failure)
Press: ? - help, Shift-Dir - straight line, f - worm
Aim: a worm (94% to hit)
The searing ray hits the worm.
The worm is moderately wounded. (Press . to maintain the ray.) Unknown command.
The searing ray hits the worm!
The worm is severely wounded.
You hear a shout!
Dowan, Brother of Duvessa comes into view.
He is wielding a +2 dagger of venom.
The searing ray hits the worm!
You kill the worm!
Dowan seems to find hidden reserves of power!
The searing ray hits Dowan!
Dowan is moderately wounded.
You finish channelling your searing ray.
Dowan hits you with a +2 dagger of venom.
You are poisoned.
Unknown command.
Okay, then.
Magic courses through your body.
You feel very sick. Dowan gestures at you while chanting.
The stone arrow hits you!
* * * LOW HITPOINT WARNING * * *
Casting: Searing Ray (safe; 1% risk of failure)
Confirm with . or Enter, or press ? or * to list all spells.
Casting: Dazzling Flash (safe; 1% risk of failure)
Press: ? - help, Dir - look around, f - activate
* * * LOW HITPOINT WARNING * * *
You feel very sick.
Dowan hits you with a +2 dagger of venom!
You die...

....†..# .............##
#.#
##.....####.#####...###
#.# ..........#.........#
###.## ##.....##.#
####..>.### #..... #.....#
# #.#....# #..... #######
#.#.##.# #..... #.
#.#..#.######.....
#...####.##.#....†.......
#....e@##....†.........
......)##############.....
.###.#. #..... .. ..
#..... .## .#. #..... .#
#.#. #..... . ## #. ######
... ..


You could see Dowan (fast).

Vanquished Creatures
  Grinder (D:3)
  Duvessa (D:4)
  A black bear (D:4)
  A phantom (D:4)
  A hound (D:4)
  2 jellies
  An iguana (D:4)
  2 orc wizards
  Natasha (thrice) (D:4)
  Robin (D:2)
  4 gnolls (D:4)
  8 adders
  3 worms
  2 dart slugs
  13 orcs
  5 bats
  6 endoplasms
  2 giant cockroaches
  17 goblins
  6 hobgoblins
  3 jackals (D:1)
  7 kobolds
  3 quokkas
  10 ball pythons
  2 frilled lizards (D:2)
  A jackal zombie (D:4)
  3 rats
109 creatures vanquished.

Vanquished Creatures (others)
  3 plants (D:1)
3 creatures vanquished.

Grand Total: 112 creatures vanquished

Notes
Turn   | Place    | Note
-------+----------+-------------------------------------------
     0 | D:1      | gruber the Deep Elf Conjurer began the quest for the Orb.
     0 | D:1      | Reached XP level 1. HP: 10/10 MP: 6/6
   246 | D:1      | Reached XP level 2. HP: 15/15 MP: 1/8
   249 | D:1      | Learned a level 2 spell: Searing Ray
   422 | D:1      | Reached skill level 5 in Conjurations
  1153 | D:2      | Reached XP level 3. HP: 19/19 MP: 7/9
  1157 | D:2      | Learned a level 3 spell: Dazzling Flash
  1441 | D:2      | Noticed Robin
  1446 | D:2      | Killed Robin
  1447 | D:2      | Reached XP level 4. HP: 20/24 MP: 3/11
  1484 | D:2      | Reached skill level 6 in Conjurations
  1817 | D:2      | Found a shimmering altar of Xom.
  2359 | D:3      | Reached XP level 5. HP: 28/28 MP: 2/13
  2364 | D:3      | Learned a level 4 spell: Iskenderun's Mystic Blast
  2466 | D:3      | Found Miaf Uda's Armour Shop.
  2524 | D:3      | Found a faded altar of an unknown god.
  2641 | D:3      | Found a white marble altar of Elyvilon.
  2933 | D:3      | Reached skill level 7 in Conjurations
  3154 | D:3      | Noticed Grinder
  3159 | D:3      | Paralysed by Grinder for 4 turns
  3168 | D:3      | Killed Grinder
  3169 | D:3      | Reached skill level 5 in Spellcasting
  3169 | D:3      | Reached XP level 6. HP: 4/32 MP: 1/16
  3390 | D:4      | Reached skill level 8 in Conjurations
  3549 | D:4      | Reached XP level 7. HP: 33/36 MP: 5/17
  3945 | D:4      | Noticed Natasha
  3953 | D:4      | Killed Natasha
  4068 | D:4      | Found a runed translucent door.
  4068 | D:4      | Noticed a human
  4071 | D:4      | Found a basalt altar of Yredelemnul.
  4190 | D:4      | Noticed Natasha
  4195 | D:4      | Killed Natasha
  4237 | D:4      | Reached skill level 9 in Conjurations
  4272 | D:4      | Noticed Natasha
  4278 | D:4      | Killed Natasha
  4334 | D:4      | Noticed Duvessa
  4345 | D:4      | Killed Duvessa
  4348 | D:4      | Noticed Dowan
  4352 | D:4      | Slain by Dowan

Illustrated notes

Levels and vault maps discovered:
D:1:      mrwooster_arrival_statue_2, layout_loops_ring, serial_forest,
          infiniplex_forest_join, infiniplex_forest_straight_1,
          infiniplex_forest_clump_diagonal, infiniplex_forest_straight_4,
          infiniplex_forest_clump_double, infiniplex_forest_clump_long,
          infiniplex_forest_corner_1, infiniplex_forest_end_3
D:2:      layout_basic, basic_altar, minmay_tetromino_i4, uniq_robin
D:3:      layout_basic, nicolae_elyvilon_peaceful_grove,
          hellmonk_ecumenical_altar_crossroads, serial_shops,
          nicolae_shop_advertising_works [nicolae_subvault_shop_adworks],
          uniq_grinder
D:4:      layout_basic, dk_yredelemnul_ordeal, pdpol_wu_jian_five_deadly_venoms,
          minmay_surrounded, uniq_duvessa, uniq_menkaure, uniq_natasha

Skill      XL: |  1  2  3  4  5  6  7 |
---------------+----------------------+-----
Conjurations   | 5 6 7 8 9 |  9.4
Spellcasting   | 4 5 7 |  7.0
Dodging        | |  2.4
Stealth        | |  2.4

Action                   |  1- 3 |  4- 6 |  7- 9 || total
-------------------------+-------+-------+-------++-------
Melee: Unarmed           |       |     4 |       ||     4
       Dagger            |       |     3 |     5 ||     8
 Cast: Magic Dart        |    63 |    76 |    38 ||   177
       Searing Ray       |     1 |    10 |    11 ||    22
       Dazzling Flash    |       |     3 |     1 ||     4
       Iskenderun's Myst |       |       |     2 ||     2
  Use: Potion            |       |     1 |     1 ||     2
Armor: Robe              |     3 |     2 |     1 ||     6
Dodge: Dodged            |     1 |    21 |    11 ||    33

Table legend: (Time is in decaauts)
 A = Elapsed time spent in this place.
 B = Non-inter-level travel time spent in this place.
 C = Inter-level travel time spent in this place.
 D = Time resting spent in this place.
 E = Time spent auto-exploring this place.
 F = Levels seen in this place.
 G = Mean time per level.
                   A        B        C        D        E       F      G
               +--------+--------+--------+--------+--------+-----+--------+
         Total |   4347 |   4292 |     55 |      0 |   3794 |   4 | 1086.8 |
       Dungeon |   4347 |   4292 |     55 |      0 |   3794 |   4 | 1086.8 |
               +--------+--------+--------+--------+--------+-----+--------+

Top non-repeatable levels by time:
     D:3: 1253 daAuts
     D:2: 1088 daAuts
     D:1: 1026 daAuts
     D:4: 980 daAuts
